 Dungeon Crawl Stone Soup version 0.17-a0-1923-gc35365e (webtiles) character file.

441 Oddball22 the Skirmisher (level 6, -5/49 HPs)
             Began as a Demonspawn Necromancer on Sept 28, 2015.
             Slain by an ogre
             ... wielding a +0 giant club
              (30 damage)
             ... on level 4 of the Dungeon.
             The game lasted 00:14:16 (5217 turns).

Oddball22 the Skirmisher (Demonspawn Necromancer)   Turns: 5217, Time: 00:14:16

Health: -5/49      AC:  2    Str:  8    XL:     6   Next: 70%
Magic:  5/9        EV: 16    Int: 16    God:
Gold:   385        SH:  0    Dex: 22    Spells: 4 memorised, 1 level left

rFire  . . .     SeeInvis +     s - +4 morningstar
rCold  . . .     Clarity  .     a - +0 robe
rNeg   + . .     SustAt   .     (no shield)
rPois  .         Gourm    .     (no helmet)
rElec  .         Spirit   .     (no cloak)
rCorr  .         Warding  +     (no gloves)
rMut   .         Stasis   .     (no boots)
MR     .....                    l - amulet of warding
Stlth  +++++.....               (no ring)
                                r - ring of see invisible

@: not resistant to hostile enchantments, quite stealthy
A: thin skeletal structure 3, nightstalker 1
a: no special abilities


You were on level 4 of the Dungeon.
You were not hungry.

You visited 1 branch of the dungeon, and saw 4 of its levels.
You also visited: Sewer.

You collected 385 gold pieces.

Inventory:

Hand weapons
 h - a +0 short sword
 s - a +4 morningstar (weapon)
Armour
 a - a +0 robe (worn)
Jewellery
 l - an amulet of warding (around neck)
 r - a ring of see invisible (left hand)
Magical devices
 y - a wand of disintegration (13)
Scrolls
 d - 5 scrolls of identify
 g - 2 scrolls of noise {unknown}
 n - 2 scrolls of fog {unknown}
 o - 2 scrolls of teleportation {unknown}
 p - 2 scrolls of enchant weapon {unknown}
 v - 3 scrolls of magic mapping {unknown}
 w - 5 scrolls of remove curse {unknown}
 x - a scroll of amnesia {unknown}
 z - a scroll of immolation {unknown}
Potions
 e - a potion of agility {unknown}
 f - 5 potions of flight {unknown}
 i - 5 potions of heal wounds {unknown}
 j - a potion of resistance {unknown}
 k - a potion of degeneration {unknown}
 m - 2 potions of poison {unknown}
 q - 2 potions of ambrosia {unknown}
 t - 2 potions of berserk rage {unknown}
 u - 4 potions of curing {unknown}
Books
 b - a book of Necromancy

   Spells                             Type                      Level
   a - Pain                           Necromancy                   1
   b - Animate Skeleton               Necromancy                   1
   c - Vampiric Draining              Necromancy                   3
   d - Regeneration                   Charms/Necromancy            3
   e - Animate Dead                   Necromancy                   4
   f - Control Undead                 Necromancy                   4
Comestibles
 c - 5 bread rations


   Skills:
 + Level 4.7 Fighting
 * Level 4.4 Dodging
 + Level 2.5 Stealth
 - Level 2.0 Spellcasting
 - Level 4.3 Necromancy


You had one spell level left.
You knew the following spells:

 Your Spells              Type           Power        Failure   Level  Hunger
a - Pain                  Necr           ###.         4%          1    #......
b - Animate Skeleton      Necr           N/A          4%          1    #......
c - Vampiric Draining     Necr           ###.......   12%         3    ###....
d - Regeneration          Chrm/Necr      #.........   28%         3    ###....


Dungeon Overview and Level Annotations

Branches:
Dungeon (4/15)
 Temple: D:4-7

Altars:
Ashenzari
Makhleb


Innate Abilities, Weirdness & Mutations

You have an unnaturally thin skeletal structure (Dex +6, Stealth++).
You are slightly more attuned to the shadows.


Message History

Casting: Pain
Confirm with . or Enter, or press ? or * to list all spells.
Aiming: Pain
Press: ? - help, Shift-Dir - straight line, f/p - ogre
Aim: an ogre, wielding a giant club (lightly wounded, chance to defeat MR: 73%)
The ogre convulses in agony!
Casting: Pain
Confirm with . or Enter, or press ? or * to list all spells.
Aiming: Pain
Press: ? - help, Shift-Dir - straight line, f/p - ogre
Aim: an ogre, wielding a giant club (lightly wounded, chance to defeat MR: 73%)
The ogre convulses in agony!
The ogre hits you with a giant club!!
Casting: Pain
Confirm with . or Enter, or press ? or * to list all spells.
Aiming: Pain
Press: ? - help, Shift-Dir - straight line, f/p - ogre
Aim: an ogre, wielding a giant club (lightly wounded, chance to defeat MR: 73%)
The ogre convulses in agony!
The ogre hits you with a giant club!!
Ouch! That really hurt!
You die...

........# #######.#
# #.## #######..##
#.........# ###
#.........# #..
....≈≈≈...## #.#
#..≈≈≈≈≈...# #.#
...≈≈.≈≈...### #@#
### ...≈≈≈≈≈.....#
#O# #..
....≈≈≈....#.# #.#
#.# #..........#.#
#.# #.#
#.........##.#
#.###.###.#
############.#
#.........# .##
######.#######.#####
..## #........# #.#
...## #>#.#....#
##.##.##


You could see an ogre.

Vanquished Creatures
  2 big kobolds (Sewer)
  A scorpion (D:3)
  A crimson imp (D:3)
  An orc wizard (D:3)
  6 adders
  A river rat (Sewer)
  An adder skeleton (D:3)
  3 oozes
  4 worms
  A giant gecko (D:4)
  8 orcs (D:3)
  5 ball pythons
  3 bats
  A giant cockroach (D:3)
  8 hobgoblins
  11 jackals
  12 kobolds
  3 quokkas
  3 giant newts
  5 goblins
  11 rats
91 creatures vanquished.

Vanquished Creatures (others)
  2 fungi (D:2)
2 creatures vanquished.

Grand Total: 93 creatures vanquished

Notes
Turn   | Place    | Note
--------------------------------------------------------------
     0 | D:1      | Oddball22 the Demonspawn Necromancer began the quest for the Orb.
     0 | D:1      | Reached XP level 1. HP: 13/13 MP: 3/3
    42 | D:1      | Found a shattered altar of Ashenzari.
   307 | D:1      | Reached skill level 1 in Fighting
   455 | D:1      | Gained mutation: You have a somewhat thin skeletal structure (Dex +2, Stealth). [demonic ancestry]
   455 | D:1      | Reached XP level 2. HP: 19/21 MP: 1/5
  1263 | D:1      | Reached XP level 3. HP: 24/27 MP: 3/6
  1371 | D:1      | Learned a level 1 spell: Animate Skeleton
  1376 | D:1      | Learned a level 3 spell: Vampiric Draining
  1381 | D:2      | Found a burning altar of Makhleb.
  2428 | D:3      | Gained mutation: You have a moderately thin skeletal structure (Dex +4, Stealth+). [demonic ancestry]
  2428 | D:3      | Reached XP level 4. HP: 33/35 MP: 7/7
  2502 | D:3      | Noticed a scorpion
  2512 | D:3      | Killed a scorpion
  2512 | D:3      | Gained mutation: You are slightly more attuned to the shadows. [demonic ancestry]
  2512 | D:3      | Reached XP level 5. HP: 21/42 MP: 4/8
  3832 | D:4      | Learned a level 3 spell: Regeneration
  3868 | D:4      | Noticed an ogre
  3934 | D:4      | Found a glowing drain.
  3953 | Sewer    | Entered a sewer
  4426 | Sewer    | Gained mutation: You have an unnaturally thin skeletal structure (Dex +6, Stealth++). [demonic ancestry]
  4426 | Sewer    | Reached XP level 6. HP: 29/49 MP: 9/9
  5187 | D:4      | Noticed an ogre
  5217 | D:4      | Slain by an ogre

Vault maps used:
D:1:      grunt_arrival_crossed_arrows, ashenzari_altar_1
D:2:      nicolae_overflow_hidden_temple, minmay_gold_behind_fungi
D:4:      minmay_temple_entry_junction2, portal_sewer_entry_a
Sewer:    sewer_co_15_rooms

Action                   |  1- 3 |  4- 6 || total
-------------------------+-------+-------++-------
Melee: Short sword       |    36 |       ||    36
       Morningstar       |     7 |   105 ||   112
 Cast: Pain              |    58 |    88 ||   146
  Use: Scroll            |     1 |       ||     1
 Stab: Sleeping          |     1 |     9 ||    10
  Eat: Chunk             |     6 |    10 ||    16
